 Dungeon Crawl Stone Soup version 0.19.5 (webtiles) character file.

166 McKennaii the Gusty (level 5, -3/31 HPs)
             Began as a High Elf Air Elementalist on Apr 17, 2017.
             Slain by Sigmund
             ... wielding a +1 scythe of protection
              (5 damage)
             ... on level 3 of the Dungeon.
             The game lasted 00:07:27 (2520 turns).

McKennaii the Gusty (High Elf Air Elementalist)     Turns: 2520, Time: 00:07:27

Health: -3/31      AC:  2    Str:  7    XL:     5   Next: 22%
Magic:  2/11       EV: 13    Int: 19    God:
Gold:   135        SH:  0    Dex: 16    Spells: 3 memorised, 6 levels left

rFire  . . .     SeeInvis .     r - +0 falchion
rCold  . . .     Gourm    .     a - +0 robe
rNeg   . . .     Faith    .     (no shield)
rPois  .         Spirit   .     (no helmet)
rElec  .         Reflect  .     (no cloak)
rCorr  +         Harm     .     (no gloves)
MR     .....                    (no boots)
Stlth  ++........               (no amulet)
                                (no ring)
                                e - ring of resist corrosion

@: no status effects
A: no striking features
a: no special abilities


You were on level 3 of the Dungeon.
You were not hungry.

You visited 1 branch of the dungeon, and saw 3 of its levels.

You collected 135 gold pieces.

Inventory:

Hand Weapons
 r - a +0 falchion (weapon)
Armour
 a - a +0 robe (worn)
Jewellery
 e - a ring of resist corrosion (left hand)
Scrolls
 d - a scroll of identify {unknown}
 f - a scroll of fog {unknown}
 k - a scroll of enchant weapon {unknown}
 l - a scroll of recharging {unknown}
 m - 2 scrolls of remove curse {unknown}
 n - 2 scrolls of teleportation {unknown}
 p - a scroll of magic mapping {unknown}
 q - a scroll of fear {unknown}
 s - a scroll of blinking {unknown}
Potions
 g - a potion of lignification {unknown}
 h - a potion of haste {unknown}
 i - a potion of might {unknown}
 o - 2 potions of curing {unknown}
Books
 b - a book of Air

   Spells                             Type                      Level
   a - Shock                          Conjuration/Air              1
   b - Swiftness                      Charms/Air                   2
   c - Repel Missiles                 Charms/Air                   2
   d - Static Discharge               Conjuration/Air              3
   e - Lightning Bolt                 Conjuration/Air              5
Comestibles
 c - 4 bread rations


   Skills:
 + Level 2.6 Dodging
 + Level 2.5 Stealth
 + Level 0.1 Unarmed Combat
 + Level 3.7 Spellcasting
 + Level 2.8 Conjurations
 + Level 5.1 Air Magic


You had 6 spell levels left.
You knew the following spells:

 Your Spells              Type           Power        Failure   Level  Hunger
a - Shock                 Conj/Air       ###.         3%          1    None
b - Swiftness             Chrm/Air       ##......     10%         2    ##.....
c - Repel Missiles        Chrm/Air       ##....       10%         2    ##.....


Dungeon Overview and Level Annotations

Branches:
Dungeon (3/15)

Altars:
Ashenzari
Fedhas
Xom

Annotations:
D:3 Sigmund


Message History

Aiming: Shock
Press: ? - help, Shift-Dir - straight line The zap hits something.
Something hits you!
* * * LOW HITPOINT WARNING * * *
Unknown command.
Casting: Shock
Confirm with . or Enter, or press ? or * to list all spells.
Aiming: Shock
Press: ? - help, Shift-Dir - straight line, f - you
Okay, then.
Casting: Shock
Confirm with . or Enter, or press ? or * to list all spells.
Aiming: Shock
Press: ? - help, Shift-Dir - straight line
Casting: Shock
Confirm with . or Enter, or press ? or * to list all spells.
Aiming: Shock
Press: ? - help, Shift-Dir - straight line The zap hits something.
Something hits you.
You die...

....###..........####..##########
.........รท.......................
....############.#####..#########
....# #.# ####'######### ##### #.#
#........##... #.# #........##.##
## ###.###........##... ...
#....##........##.## ....
#..@[##........##.## .....
#....##........##.##
@.....####'###........##...
......@..).# #........#####
......##############....... .....
#................. ....
#............##### ...
#[...........# # .. #............#
#


There were no monsters in sight!

Vanquished Creatures
  An orc wizard (D:3)
  An orc priest (D:3)
  Robin (D:3)
  3 adders
  2 dart slugs (D:2)
  4 leopard geckos
  5 orcs (D:3)
  5 bats
  2 giant cockroaches
  9 goblins
  8 hobgoblins
  6 kobolds
  2 quokkas
  3 frilled lizards
  5 rats
57 creatures vanquished.

Notes
Turn   | Place    | Note
-------+----------+-------------------------------------------
     0 | D:1      | McKennaii the High Elf Air Elementalist began the quest for the Orb.
     0 | D:1      | Reached XP level 1. HP: 11/11 MP: 4/4
   150 | D:1      | Reached skill level 4 in Air Magic
   210 | D:1      | Reached XP level 2. HP: 9/17 MP: 1/6
   586 | D:1      | Found a shattered altar of Ashenzari.
   685 | D:1      | Learned a level 2 spell: Swiftness
   688 | D:1      | Learned a level 2 spell: Repel Missiles
   796 | D:2      | Reached XP level 3. HP: 21/21 MP: 4/8
  1513 | D:2      | Found a shimmering altar of Xom.
  1661 | D:3      | Reached XP level 4. HP: 27/27 MP: 1/9
  1680 | D:3      | Reached skill level 5 in Air Magic
  1882 | D:3      | Noticed Sigmund
  1902 | D:3      | Found a blossoming altar of Fedhas.
  2180 | D:3      | Reached XP level 5. HP: 31/31 MP: 3/11
  2182 | D:3      | Noticed Robin
  2240 | D:3      | Killed Robin
  2520 | D:3      | Slain by Sigmund

Skill      XL: |  1  2  3  4 |
---------------+-------------+-----
Air Magic      | 4 5 |  5.1
Spellcasting   | 3 |  3.7
Conjurations   | 2 |  2.8
Dodging        | |  2.6
Stealth        | |  2.5
Unarmed Combat | |  0.1

Action                   |  1- 3 |  4- 6 || total
-------------------------+-------+-------++-------
Melee: Unarmed           |    15 |       ||    15
       Falchion          |       |     1 ||     1
 Cast: Shock             |    83 |    40 ||   123
  Eat: Bread ration      |     1 |       ||     1
       Beef jerky        |       |     1 ||     1
Armor: Robe              |     1 |     1 ||     2
Dodge: Dodged            |    18 |     3 ||    21
